 Dungeon Crawl Stone Soup version 0.17.1-2-g5865329 (webtiles) character file.

58 ololoev the Covered (level 3, -5/29 HPs)
             Began as a Demonspawn Fighter on Jan 25, 2016.
             Slain by an ogre
             ... wielding a cursed +0 giant club
              (7 damage)
             ... on level 4 of the Dungeon.
             The game lasted 00:00:54 (106 turns).

ololoev the Covered (Demonspawn Fighter)             Turns: 106, Time: 00:00:54

Health: -5/29      AC:  8    Str: 22    XL:     3   Next: 76%
Magic:  3/3        EV:  7    Int:  9    God:
Gold:   0          SH: 11    Dex: 12    Spells: 0 memorised, 2 levels left

rFire  . . .     SeeInvis .     a - +0 war axe
rCold  . . .     Clarity  .     b - +0 scale mail
rNeg   . . .     SustAt   .     c - +0 shield
rPois  .         Gourm    .     (no helmet)
rElec  .         Spirit   .     (no cloak)
rCorr  .         Warding  .     (no gloves)
rMut   .         Stasis   .     (no boots)
MR     .....                    (no amulet)
Stlth  ..........               (no ring)
                                (no ring)

@: mighty, lethally poisoned (-5 -> -8), not resistant to hostile enchantments,
extremely unstealthy
A: hooves 1, large bone plates 1
a: no special abilities


Innate Abilities, Weirdness & Mutations

You have large cloven feet.
You are partially covered in large bone plates (AC +2, SH +2).

Inventory:

Hand Weapons
 a - a +0 war axe (weapon)
Armour
 b - a +0 scale mail (worn)
 c - a +0 shield (worn)
Scrolls
 f - a scroll of identify {unknown}
 g - 2 scrolls of teleportation {unknown}
Comestibles
 e - a bread ration


   Skills:
 - Level 3.0 Fighting
 * Level 3.2 Axes
 + Level 3.3 Armour
 - Level 2.6 Shields


You had 2 spell levels left.
You didn't know any spells.


You were on level 4 of the Dungeon.
You were not hungry.

You visited 1 branch of the dungeon, and saw 4 of its levels.

#.#..#............#
###.#..#............+
.......#..†.........#
#............###...
#............###.##
#................<.
#.............##.##
#.####.#...#............
O..ggg)@O.(#############
....ggg.)......
..(...g.........
................
##..####.##.#### ##. #.#
.# # #.# .# .#

Notes
Turn   | Place    | Note
--------------------------------------------------------------
     0 | D:1      | ololoev the Demonspawn Fighter began the quest for the Orb.
     0 | D:1      | Reached XP level 1. HP: 18/18 MP: 1/1
    87 | D:4      | Noticed a scorpion
    93 | D:4      | Killed a scorpion
    93 | D:4      | Gained mutation: You have large cloven feet. [demonic ancestry]
    93 | D:4      | Reached XP level 2. HP: 12/24 MP: 2/2
    93 | D:4      | Gained mutation: You are partially covered in large bone plates (AC +2, SH +2). [demonic ancestry]
    93 | D:4      | Reached XP level 3. HP: 14/29 MP: 3/3
    99 | D:4      | Noticed an ogre
   100 | D:4      | Noticed Robin
   106 | D:4      | Noticed an ogre
   106 | D:4      | Slain by an ogre

Dungeon Overview and Level Annotations

Branches:
Dungeon (4/15)
 Temple: D:4-7

Altars:

Annotations:
D:4 Robin


Message History

3 goblins come into view.
The goblin shouts! x2 2 goblins come into view.
The goblin shouts! x2
You slash the goblin!
You kill the goblin!
You feel sick.
Robin roars a battlecry!
The goblins go into a battle-frenzy!
A hobgoblin comes into view. It is wielding a club.
The hobgoblin shouts!
You slash the hobgoblin!
You kill the hobgoblin!
You hit the goblin.
You kill the goblin!
Robin throws the goblin at you!
The goblin wields a hunting sling.
The goblin shoots a stone.
The stone barely misses you. The goblin closely misses you.
You slash the hobgoblin!
You kill the hobgoblin!
You slash the goblin!
You kill the goblin!
You feel sick.
The goblin shoots a stone.
The stone barely misses you.
The stone hits the ogre.
Unknown command.
Your shield prevents you from hitting the ogre.
You kick the ogre.
The ogre is lightly wounded.
You slash the goblin!
You kill the goblin!
You miss the goblin. The ogre hits you with a giant club.
The goblin shoots a stone.
You block the stone. You block Robin's attack. The goblin barely misses you.
An ogre comes into view. It is wielding a giant spiked club.
Unknown command.
You slash the ogre! You kick the ogre.
The ogre is heavily wounded.
You closely miss the goblin.
You feel sick. The ogre hits you with a giant club!
You die...

You could see 2 ogres, Robin, a hobgoblin (frenzied) and 5 goblins.

Vanquished Creatures
  A scorpion (D:4)
  3 hobgoblins
  2 bats
  4 goblins (D:4)
10 creatures vanquished.

Action                   || total
-------------------------++-------
Melee: War axe           ||    14
  Use: Potion            ||     1

Vault maps used:
D:1:      minmay_arrival_semitransparent, solitary_fountain,
          minmay_misc_feat_encased, serial_bayou_lake_a
D:2:      ecumenical_altar_2, uniq_iyjb
D:3:      grunt_temple_overflow_holy_war, uniq_purgy
D:4:      kennysheep_little_box, uniq_sigmund, uniq_robin
